 Dungeon Crawl Stone Soup version 0.29-a0-323-g050149af67 (webtiles) character file.

Game seed: 16129237298256054246

140 Jortsu the Chopper (level 5, -2/41 HPs)
             Began as a Demonspawn Fighter on Apr 12, 2022.
             Was a Follower of Cheibriados.
             Slain by a gnoll
             ... wielding a +0 spear
              (3 damage)
             ... on level 3 of the Dungeon.
             The game lasted 00:02:55 (2450 turns).

Jortsu the Chopper (Demonspawn Fighter)             Turns: 2450, Time: 00:02:55

Health: -2/41      AC:  6    Str: 20    XL:     5   Next: 2%
Magic:  5/5        EV:  9    Int: 12    God:    Cheibriados [*.....]
Gold:   186        SH:  5    Dex: 14    Spells: 4/4 levels left

rFire   . . .      SeeInvis .   a - +0 war axe
rCold   . . .      Faith    .   c - +0 buckler
rNeg    . . .      Spirit   .   b - +0 scale mail
rPois   .          Reflect  .   (no helmet)
rElec   .          Harm     .   (no cloak)
rCorr   .          Rampage  .   (no gloves)
Will    .....                   (no boots)
Stlth   ..........              (no amulet)
HPRegen 0.13/turn               (no ring)
MPRegen 0.09/turn               (no ring)

@: very slow
A: ignite blood 2, demonic magic 1
a: Renounce Religion, Bend Time


You were on level 3 of the Dungeon.
You worshipped Cheibriados.
Cheibriados was aware of your devotion.
You visited 1 branch of the dungeon, and saw 3 of its levels.

You collected 186 gold pieces.

Inventory:

Hand Weapons
 a - a +0 war axe (weapon)
Missiles
 f - a throwing net (quivered)
Armour
 b - a +0 scale mail (worn)
 c - a +0 buckler (worn)
Scrolls
 i - a scroll of teleportation {unknown}
 j - 2 scrolls of vulnerability
Potions
 d - a potion of might
 e - 2 potions of curing {unknown}
 g - 3 potions of attraction
 h - a potion of flight {unknown}
 k - a potion of haste {unknown}


   Skills:
 + Level 3.3 Fighting
 + Level 3.7 Axes
 + Level 3.3 Armour
 + Level 0.3 Dodging
 + Level 0.3 Stealth
 + Level 2.9 Shields


You had 4 spell levels left.
You didn't know any spells.
Your spell library was empty.

Dungeon Overview and Level Annotations

Branches:
Dungeon (3/15)

Altars:
Cheibriados
Nemelex Xobeh
Qazlal

Shops:
D:2 [   D:3 [


Innate Abilities, Weirdness & Mutations

Your demonic aura often causes spilled blood to erupt in flames.
Spells you cast may paralyse adjacent enemies.


Message History

The gnoll is heavily wounded.
The gnoll hits you from afar with a +0 spear.
The gnoll hits you but does no damage.
You hit the gnoll.
The gnoll is heavily wounded.
The gnoll hits you from afar with a +0 spear.
* * * LOW HITPOINT WARNING * * *
You block the gnoll's attack.
The gnoll hits you from afar with a +0 spear.
* * * LOW HITPOINT WARNING * * *
The gnoll hits you but does no damage.
You slash the gnoll!
You kill the gnoll!
Cheibriados thoroughly appreciates the change of pace.
You block the gnoll's attack. You block the gnoll's attack.
The gnoll closely misses you. You block the gnoll's attack.
The gnoll hits you with a +0 spear.
* * * LOW HITPOINT WARNING * * *
Things that are here:
a +0 whip; a gnoll corpse You closely miss the gnoll.
You hit the gnoll but do no damage. The gnoll hits you but does no damage.
The gnoll misses you.
You hit the gnoll.
The gnoll is moderately wounded.
You slash the gnoll! You block the gnoll's attack.
The gnoll hits you with a +0 flail.
* * * LOW HITPOINT WARNING * * *
You closely miss the gnoll.
The gnoll is moderately wounded.
You hit the gnoll.
You kill the gnoll!
Cheibriados appreciates the change of pace.
The gnoll hits you with a +0 spear.
* * * LOW HITPOINT WARNING * * *
You block the gnoll's attack.
You have reached level 5!
Your demonic ancestry asserts itself...
Your blood runs red-hot!
The gnoll attacks as you move away! The gnoll hits you with a +0 spear.
You die...

...# #..######
....# #..########
###### #..........
##.######## #.#
#.#### #....#
##########.##.#####
#g@)..............#
#)###########≈#####
#.# #...≈...# ...
##...≈.P# #...#
##.)≈.## #...#
##.≈.# ..... #.≈P#
..... ##.≈##
....... #P≈.#


You could see a gnoll.

Vanquished Creatures
  A hound (D:3)
  3 gnolls (D:3)
  2 adders
  2 worms
  A dart slug (D:3)
  5 orcs (D:2)
  4 ball pythons
  4 endoplasms
  A giant cockroach (D:1)
  3 goblins
  5 hobgoblins
  A quokka (D:1)
  6 bats
  4 frilled lizards
  4 kobolds
  7 rats
53 creatures vanquished.

Vanquished Creatures (others)
  5 fungi (D:3)
  2 plants (D:3)
7 creatures vanquished.

Grand Total: 60 creatures vanquished

Notes
Turn   | Place    | Note
-------+----------+-------------------------------------------
     0 | D:1      | Jortsu the Demonspawn Fighter began the quest for the Orb.
     0 | D:1      | Reached XP level 1. HP: 18/18 MP: 1/1
   295 | D:1      | Gained mutation: Your demonic aura sometimes causes spilled
                  | blood to erupt in flames. [demonic ancestry]
   295 | D:1      | Reached XP level 2. HP: 24/24 MP: 2/2
  1031 | D:2      | Gained mutation: Spells you cast may paralyse adjacent
                  | enemies. [demonic ancestry]
  1031 | D:2      | Reached XP level 3. HP: 27/29 MP: 3/3
  1168 | D:2      | Found a sparkling altar of Nemelex Xobeh.
  1170 | D:2      | Found Moycsuad's Armour Boutique.
  1935 | D:3      | Found Liofell's Antique Armour Shoppe.
  2121 | D:3      | Reached XP level 4. HP: 25/35 MP: 4/4
  2218 | D:3      | Found a stormy altar of Qazlal.
  2399 | D:3      | Found a faded altar of an unknown god.
  2406 | D:3      | Prayed at the altar of an unknown god.
  2406 | D:3      | Became a worshipper of Cheibriados the Contemplative
  2406 | D:3      | Reached * piety under Cheibriados
  2449 | D:3      | HP: 1/35 [gnoll/+0 spear (2)]
  2450 | D:3      | Gained mutation: Your demonic aura often causes spilled
                  | blood to erupt in flames. [demonic ancestry]
  2450 | D:3      | Reached XP level 5. HP: 1/41 MP: 5/5
  2450 | D:3      | Slain by a gnoll

Illustrated notes

Levels and vault maps discovered:
D:1:      scummos_arrival_simple_fountains, layout_loops_ring
D:2:      layout_loops_ring, basic_altar, serial_rivers,
          chequers_serial_rivers_small_3, chequers_serial_rivers_small_a,
          chequers_serial_rivers_small_a, chequers_serial_rivers_micro_a,
          serial_shops, shop, grunt_decor_junction
D:3:      layout_loops_ring, amcnicky_altar_gilded,
          shapermc_ecumenical_altar_hornbeckon, serial_shops,
          nicolae_shop_hallway_plus

Skill      XL: |  1  2  3 |
---------------+----------+-----
Axes           | 2 3 |  3.7
Armour         | 3 |  3.3
Fighting       | |  3.3
Dodging        | |  0.3
Stealth        | |  0.3
Shields        | |  2.9

Action                   |  1- 3 |  4- 6 || total
-------------------------+-------+-------++-------
Melee: War axe           |   117 |    30 ||   147
  Use: Scroll            |     3 |       ||     3
Armor: Scale mail        |    55 |    13 ||    68
Dodge: Dodged            |    52 |    13 ||    65
Block: Buckler           |    26 |    11 ||    37

Table legend: (Time is in decaauts)
 A = Elapsed time spent in this place.
 B = Non-inter-level travel time spent in this place.
 C = Inter-level travel time spent in this place.
 D = Time resting spent in this place.
 E = Time spent auto-exploring this place.
 F = Levels seen in this place.
 G = Mean time per level.
                   A        B        C        D        E       F      G
               +--------+--------+--------+--------+--------+-----+--------+
         Total |   2528 |   2482 |     46 |    245 |   1792 |   3 |  842.7 |
       Dungeon |   2528 |   2482 |     46 |    245 |   1792 |   3 |  842.7 |
               +--------+--------+--------+--------+--------+-----+--------+

Top non-repeatable levels by time:
     D:2: 1266 daAuts
     D:1: 673 daAuts
     D:3: 588 daAuts
